 Dungeon Crawl Stone Soup version 0.20.0-8-g6b59dc7 (webtiles) character file.

102 Monsterracer the Ruffian (level 4, -2/38 HPs)
             Began as a Naga Transmuter on June 1, 2017.
             Slain by a centaur (5 damage)
             ... on level 3 of the Dungeon.
             The game lasted 00:07:00 (3128 turns).

Monsterracer the Ruffian (Naga Transmuter)          Turns: 3128, Time: 00:07:01

Health: -2/38      AC:  2    Str: 12 (13) XL:     4   Next: 77%
Magic:  7/7        EV:  9    Int: 11 (14) God:
Gold:   96         SH:  0    Dex:  8 (11) Spells: 1/7 levels left

rFire    . . .     SeeInvis +     - Unarmed
rCold    . . .     Gourm    .   (no shield)
rNeg     . . .     Faith    .   b - +0 robe
rPois    +         Spirit   .   (no helmet)
rElec    .         Reflect  .   (no cloak)
rCorr    .         Harm     .   (no gloves)
MR       .....                  (no barding)
Stlth    +.........             (no amulet)
Regen    0.2/turn               (no ring)
MPRegen  0.1/turn               (no ring)

@: short of breath, very slow
A: see invisible, deformed body, poison resistance, slowness 2, slow metabolism
1, spit poison 1, AC +1
a: Spit Poison


You were on level 3 of the Dungeon.
You were not hungry.

You visited 1 branch of the dungeon, and saw 3 of its levels.

You collected 96 gold pieces.

Inventory:

Missiles
 a - 43 arrows
Armour
 b - a +0 robe (worn)
Scrolls
 e - 3 scrolls of identify {unknown}
 g - a scroll of enchant weapon {unknown}
 h - a scroll of teleportation {unknown}
 i - 2 scrolls of remove curse {unknown}
 j - a scroll of immolation {unknown}
Books
 c - a book of Changes

   Spells                             Type                      Level
   a - Beastly Appendage              Transmutation                1
   b - Sticks to Snakes               Transmutation                2
   c - Spider Form                    Transmutation/Poison         3
   d - Ice Form                       Ice/Transmutation            4
   e - Blade Hands                    Transmutation                5
Comestibles
 d - a bread ration
 f - 2 fruits


   Skills:
 - Level 1.0 Fighting
 - Level 1.5 Dodging
 * Level 5.2 Unarmed Combat
 - Level 2.0 Spellcasting
 + Level 2.2 Transmutations


You had one spell level left.
You knew the following spells:

 Your Spells              Type           Power        Failure   Level  Hunger
a - Beastly Appendage     Tmut           #.....       12%         1    ##.....
b - Sticks to Snakes      Tmut           #.......     17%         2    ###....
c - Spider Form           Tmut/Pois      #.........   50%         3    ####...


Dungeon Overview and Level Annotations

Branches:
Dungeon (3/15)

Altars:


Innate Abilities, Weirdness & Mutations

You cannot wear boots.
Your serpentine skin is tough. (AC +1)
You have supernaturally acute eyesight. (SInv)
Armour fits poorly on your strangely shaped body.
Your system is resistant to poisons. (rPois)
You cover ground very slowly.
You have a slow metabolism.
You can spit poison.


Message History

The centaur wields a runed shortbow.
It bursts into flame!
The centaur shoots an arrow.
The arrow hits you! The arrow burns you.
The centaur shoots an arrow.
The arrow hits you!
* * * LOW HITPOINT WARNING * * *
The arrow burns you.
* * * LOW HITPOINT WARNING * * *
You see here 2 arrows.
The centaur unwields an uncursed shortbow of flaming.
It stops flaming.
The centaur hits you.
* * * LOW HITPOINT WARNING * * *
The centaur barely misses you.
You see here 2 arrows.
You closely miss the centaur.
The centaur hits you but does no damage.
Press: ? - help, Shift-Dir - straight line, f - centaur
Aim: a centaur The splash of poison hits the centaur.
The centaur is poisoned.
The centaur is lightly wounded.
You feel slightly more hungry. The centaur hits you.
You die...

####...##.# .#
###...##.###.# ##
#............. ..
###.......... .#
#.#.##..## .#
#.......##.# .#
#.##.......# .#
#......#######c#####.
####.#.......@.......
#.###.############
#.# #.# #.###.#
#.....# #######


You could see a centaur.

Vanquished Creatures
  2 adders (D:2)
  A worm (D:2)
  A dart slug (D:1)
  4 leopard geckos
  9 bats
  3 giant cockroaches
  A hobgoblin (D:1)
  4 jackals (D:1)
  2 quokkas (D:2)
  7 frilled lizards
  10 goblins
  7 kobolds
  10 rats
61 creatures vanquished.

Vanquished Creatures (collateral kills)
  2 adders (D:2)
2 creatures vanquished.

Grand Total: 63 creatures vanquished

Notes
Turn   | Place    | Note
-------+----------+-------------------------------------------
     0 | D:1      | Monsterracer the Naga Transmuter began the quest for the Orb.
     0 | D:1      | Reached XP level 1. HP: 18/18 MP: 3/3
   278 | D:1      | Reached XP level 2. HP: 25/25 MP: 3/5
   289 | D:1      | Learned a level 2 spell: Sticks to Snakes
   692 | D:1      | Reached skill level 4 in Unarmed Combat
   775 | D:1      | Reached XP level 3. HP: 28/31 MP: 4/6
   934 | D:1      | Learned a level 3 spell: Spider Form
  1950 | D:2      | Reached XP level 4. HP: 30/38 MP: 5/7
  2272 | D:2      | Reached skill level 5 in Unarmed Combat
  3124 | D:3      | Noticed a centaur
  3128 | D:3      | Slain by a centaur

Skill      XL: |  1  2  3  4 |
---------------+-------------+-----
Unarmed Combat | 4 5 |  5.2
Fighting       | |  1.0
Dodging        | |  1.5
Spellcasting   | |  2.0
Transmutations | |  2.2

Action                   |  1- 3 |  4- 6 || total
-------------------------+-------+-------++-------
Melee: Unarmed           |   126 |    94 ||   220
       Headbutt          |     8 |     3 ||    11
 Cast: Beastly Appendage |    13 |     5 ||    18
       Sticks to Snakes  |     1 |     1 ||     2
       Spider Form       |     1 |       ||     1
 Abil: Spit Poison       |     1 |     1 ||     2
  Use: Potion            |     2 |     1 ||     3
 Stab: Sleeping          |     1 |       ||     1
  Eat: Chunk             |     3 |     3 ||     6
Armor: Robe              |    21 |    39 ||    60
       Skin              |     2 |       ||     2
Dodge: Dodged            |    66 |    51 ||   117
